 Dungeon Crawl Stone Soup version 0.31-a0-232-gb1c03b2570 (webtiles) character file.

Game seed: 12458449933567335227

129 qw the Shooter (level 4, -8/36 HPs)
             Began as a Minotaur Hexslinger on July 7, 2023.
             Was an Initiate of Okawaru.
             Blown up by Pikel (16 damage)
             ... with a mindburst bolt
             ... on level 4 of the Dungeon.
             The game lasted 00:00:56 (2177 turns).

qw the Shooter (Minotaur Hexslinger)                Turns: 2177, Time: 00:00:56

Health: -8/36      AC:  9    Str: 13    XL:     4   Next: 88%
Magic:  4/4        EV: 11    Int: 10    God:    Okawaru [......]
Gold:   158        SH:  0    Dex: 14    Spells: 4/5 levels left

rFire   . . .        e - +1 sling (heavy)
rCold   . . .        (no shield)
rNeg    . . .        h - +0 ring mail
rPois   +            (helmet restricted)
rElec   .            (no cloak)
rCorr   .            (no gloves)
SInv    .            (no boots)
Will    .....        (no amulet)
Stlth   +            d - ring of poison resistance
HPRegen 0.26/turn    k - +4 ring of protection
MPRegen 0.09/turn

%: no passive effects
@: no status effects
A: horns 2, retaliatory headbutt
a: Renounce Religion


You were on level 4 of the Dungeon.
You worshipped Okawaru.
Okawaru was noncommittal.
You visited 2 branches of the dungeon, and saw 5 of its levels.

You collected 158 gold pieces.


Innate Abilities, Weirdness & Mutations

You have a pair of horns on your head.
You reflexively headbutt those who attack you in melee.


   Skills:
 + Level 2.3 Fighting
 - Level 5.0 Ranged Weapons
 - Level 1.5 Armour
 - Level 2.1 Dodging
 - Level 1.0 Spellcasting
 - Level 2.0 Hexes


You had 4 spell levels left.
You knew the following spells:

 Your Spells              Type           Power      Damage    Failure   Level
a - Slow                  Hex            16%        N/A       32%         1

Your spell library contained the following spells:

 Spells                   Type           Power      Damage    Failure   Level
 Inner Flame              Hex/Fire       2%         N/A       82%         3
 Portal Projectile        Hex/Tloc       4%         N/A       82%         3
 Cause Fear               Hex            2%         N/A       97%         4

Inventory:

Hand Weapons
 e - a +1 heavy sling (weapon)
Armour
 h - a +0 ring mail (worn)
Jewellery
 d - a ring of poison resistance (left hand)
 k - a +4 ring of protection (right hand)
Scrolls
 b - 2 scrolls of teleportation
 c - a scroll of identify
Potions
 a - a potion of curing
 f - a potion of haste
 g - a potion of cancellation
 i - a potion of brilliance {unknown}
 j - a potion of heal wounds

Dungeon Overview and Level Annotations

Branches:
Dungeon (4/15)             Temple (1/1) D:4

Altars:
Cheibriados
Dithmenos
Elyvilon
Gozag
Kikubaaqudgha
Makhleb
Nemelex Xobeh
Okawaru
Qazlal
Ru
Sif Muna
Uskayaw
Vehumet
Wu Jian
Xom
Zin

Portals:
Abyss: D:3

Annotations:
D:3 2 transporters, qw's ghost, amateur GrHs
D:4 Menkaure; Pikel


Message History

Enter note:
Enter note:
Enter note:
Enter note:
Enter note: You shoot a sling bullet.
The sling bullet barely misses the lemure.
A lemure comes into view.
You shoot a sling bullet. The lemure shouts!
The sling bullet hits the lemure!
The lemure is heavily wounded.
A lemure comes into view.
You shoot a sling bullet. The sling bullet hits the lemure!
The lemure is severely wounded.
Menkaure, Prince of Dust comes into view.
The lemure hits you.
Pikel, Merchant of Souls comes into view.
He is wielding a +0 whip of flaming and carrying a wand of mindburst (13).
You shoot a sling bullet.
The sling bullet closely misses the lemure.
Pikel shouts!
Menkaure shouts!
The sling bullet hits the lemure!
The lemure is moderately wounded.
The lemure hits you but does no damage.
You shoot a sling bullet. The sling bullet hits the lemure.
The lemure is severely wounded.
The lemure hits you!
A lemure comes into view.
The lemure hits you.
Menkaure calls on the powers of darkness!
Pikel convulses!
Your body is wracked with pain!
The lemure shouts!
You shoot a sling bullet. The sling bullet hits the lemure.
You kill the lemure!
That felt strangely unrewarding.
The lemure hits you. The lemure hits you but does no damage.
You shoot a sling bullet.
The sling bullet barely misses the lemure.
The lemure hits you.
Pikel zaps a wand.
Your mind is blasted!
You die...

....#.....# ....'.....#.
. #%###.....#.^ ### 5#
#.#....####..###.###>###
..#....# ...........K...
..#....# .........M.....
..'....# ...............
..#....# .......5.......
.##....#####.# #@#
##.....#..##.###'###
.#.....'...#..#....#
.%.....#...#..#....+
.#.....#...'..'....#
.#.....#'###..###..#
.###......##..######
...+......#.....#
...#......#.....#


You could see Pikel, 2 lemures and Menkaure.

Vanquished Creatures
  A lemure (D:4)
  5 adders
  An ufetubus (D:3)
  2 worms
  A dart slug (D:1)
  An orc (D:4)
  11 endoplasms
  3 giant cockroaches
  5 goblins
  11 hobgoblins
  6 kobolds
  3 quokkas
  2 ball pythons (D:2)
  3 bats
  5 frilled lizards
  3 rats
63 creatures vanquished.

Notes
Turn   | Place    | Note
-------+----------+-------------------------------------------
     0 | D:1      | qw the Minotaur Hexslinger began the quest for the Orb.
     0 | D:1      | Reached XP level 1. HP: 16/16 MP: 1/1
     0 | D:1      | 0 ||| qw: Version: 0.3-a-46-gb1f654a
     0 | D:1      | 0 ||| qw: Game counter: 2215
     0 | D:1      | 0 ||| qw: Melee chars always use a shield: true
     0 | D:1      | 0 ||| qw: God list: Okawaru
     0 | D:1      | 0 ||| qw: Allow faded altars: false
     0 | D:1      | 0 ||| qw: Do Orc after clearing Dungeon:15 true
     0 | D:1      | 0 ||| qw: Do second Lair branch before Depths: true
     0 | D:1      | 0 ||| qw: Lair rune preference: random
     0 | D:1      | 0 ||| qw: Goals: Normal
     0 | D:1      | 0 ||| PLANNING D:1-11
   125 | D:1      | Reached skill level 3 in Ranged Weapons
   125 | D:1      | Reached XP level 2. HP: 23/23 MP: 2/2
   416 | D:1      | Reached XP level 3. HP: 29/29 MP: 3/3
   606 | D:1      | 606 ||| UPGRADING to +0 ring mail.
   616 | D:1      | 616 ||| DROPPING +0 robe.
   617 | D:1      | 617 ||| UPGRADING to ring of poison resistance.
   618 | D:1      | 618 ||| READING scroll labelled XIYSAEHIOLE.
   619 | D:1      | 619 ||| READING scroll labelled AXZEPITORR.
   620 | D:1      | 620 ||| READING scroll labelled MOUTZU UNGYDGH.
   621 | D:1      | 621 ||| READING scroll labelled GELINN RUNNOWA.
   622 | D:1      | 622 ||| DRINKING 2 bubbling pink potions.
   623 | D:1      | 623 ||| DROPPING scroll of poison.
   676 | D:2      | Found a shimmering altar of Xom.
   777 | D:2      | Reached skill level 4 in Ranged Weapons
   977 | D:2      | Reached skill level 1 in Armour
  1263 | D:2      | 1263 ||| READING 2 scrolls labelled IFFUAD SADI.
  1268 | D:2      | 1268 ||| READING 2 scrolls labelled EMUOCV HIXAKHE.
  1269 | D:2      | 1269 ||| READING scroll labelled OSERGH POLAJAU.
  1270 | D:2      | 1270 ||| DRINKING 2 sedimented puce potions.
  1271 | D:2      | 1271 ||| DROPPING scroll of amnesia.
  1315 | D:3      | Found a transporter.
  1326 | D:3      | Found a transporter.
  1330 | D:3      | Noticed qw's ghost (amateur GrHs)
  1334 | D:3      | Noticed a small abomination
  1335 | D:3      | Found a one-way gate to the infinite horrors of the Abyss.
  1335 | D:3      | Noticed a kobold brigand
  1369 | D:3      | Reached XP level 4. HP: 26/36 MP: 4/4
  1537 | D:3      | 1537 ||| READING scroll of brand weapon.
  1537 | D:3      | 1537 ||| BRANDING +1 sling of draining.
  1803 | D:3      | 1803 ||| UPGRADING to +4 ring of protection.
  1804 | D:3      | 1804 ||| READING 3 scrolls of identify.
  1804 | D:3      | 1804 ||| IDENTIFYING red potion
  1805 | D:3      | 1805 ||| READING 2 scrolls of identify.
  1805 | D:3      | 1805 ||| IDENTIFYING inky potion
  1806 | D:3      | 1806 ||| DROPPING potion of berserk rage.
  1959 | D:4      | Found a staircase to the Ecumenical Temple.
  1960 | D:4      | 1960 ||| PLANNING TEMPLE
  1960 | D:4      | 1960 ||| READING scroll labelled GALOTO OLYGIPP.
  1961 | D:4      | 1961 ||| READING 2 scrolls of identify.
  1961 | D:4      | 1961 ||| IDENTIFYING bubbling red potion
  1972 | Temple   | Entered the Ecumenical Temple
  1973 | Temple   | 1973 ||| PLANNING OKAWARU WORSHIP
  1986 | Temple   | Became a worshipper of Warmaster Okawaru
  1987 | Temple   | 1987 ||| PLANNING D:1-11
  2092 | D:4      | Reached skill level 5 in Ranged Weapons
  2170 | D:4      | Noticed a lemure
  2171 | D:4      | Noticed a lemure
  2172 | D:4      | Noticed a lemure
  2173 | D:4      | Noticed Menkaure
  2174 | D:4      | Noticed Pikel
  2175 | D:4      | Noticed a lemure
  2176 | D:4      | Killed a lemure
  2177 | D:4      | HP: 8/36 [lemure[Pikel] (4)]
  2177 | D:4      | Blown up by Pikel

Levels and vault maps discovered:
D:1:      lemuel_arrival_behind_the_door_small, layout_basic, minmay_hexomino_u4
D:2:      layout_loops_ring, basic_altar
D:3:      layout_rooms, gammafunk_ghost_abyssal_escape
D:4:      layout_gridville, minmay_temple_entry_gardened_gates, uniq_pikel,
          uniq_menkaure
Temple:   minmay_freezing_vapour_temple

Skill      XL: |  1  2  3  4 |
---------------+-------------+-----
Ranged Weapons | 3 4 5 |  5.0
Fighting       | 2 |  2.3
Armour         | 1 |  1.5
Dodging        | |  2.1
Spellcasting   | |  1.0
Hexes          | |  2.0

Action                     |  1- 3 |  4- 6 || total
---------------------------+-------+-------++-------
   Fire: Sling             |   143 |    52 ||   195
    Use: Scroll            |     7 |     5 ||    12
         Potion            |     2 |       ||     2
 Armour: Robe              |     4 |       ||     4
         Ring mail         |     9 |    25 ||    34
  Dodge: Dodged            |    37 |    19 ||    56

Table legend:
 A = Non-vault XP
 B = Vault XP
 C = Vault XP percentage of total XP
 D = Non-vault monster count
 E = Vault monster count
 F = Vault count percentage of total count
                 A         B        C        D         E       F
            +---------+---------+-------+---------+---------+-------
      Total |     176 |       9 |   4.9 |      58 |       4 |   6.5
            +---------+---------+-------+---------+---------+-------
        D:1 |      40 |       9 |  18.4 |      23 |       4 |  14.8
        D:2 |      38 |       0 |   0.0 |      14 |       0 |   0.0
        D:3 |      44 |       0 |   0.0 |      12 |       0 |   0.0
        D:4 |      54 |       0 |   0.0 |       9 |       0 |   0.0
            +---------+---------+-------+---------+---------+-------
